 Dungeon Crawl Stone Soup version 0.29-a0-802-g34511f41fd (webtiles) character file.

Game seed: 7718747823110055219

2048 avis the Shooter (level 8, -4/66 HPs)
             Began as a Demigod Ice Elementalist on July 3, 2022.
             Killed from afar by an orc wizard (7 damage)
             ... with a magic dart
             ... on level 7 of the Dungeon.
             The game lasted 00:49:18 (8644 turns).

avis the Shooter (Demigod Ice Elementalist)         Turns: 8644, Time: 00:49:19

Health: -4/66      AC:  4    Str:  9    XL:     8   Next: 75%
Magic:  0/24       EV: 13    Int: 17    God:
Gold:   508        SH:  0    Dex: 22    Spells: 6/13 levels left

rFire   . . .      SeeInvis .   b - +0 short sword (drain)
rCold   . . .      Faith    .   (no shield)
rNeg    . . .      Spirit   +   c - +0 robe
rPois   +          Reflect  .   Q - +0 helmet
rElec   .          Harm     .   (no cloak)
rCorr   .          Rampage  .   (no gloves)
Will    .....                   u - +0 pair of boots
Stlth   ++........              m - amulet of guardian spirit
HPRegen 0.21/turn               q - ring of poison resistance
MPRegen 0.19/turn               r - ring of magical power

@: hasted, very quick
A: high MP 1, forlorn, divine attributes
a: no special abilities


You were on level 7 of the Dungeon.
You visited 2 branches of the dungeon, and saw 8 of its levels.
You also visited: Sewer.

You collected 508 gold pieces.

Inventory:

Hand Weapons
 a - a +0 sling
 b - a +0 short sword of draining (weapon)
 i - a +0 whip of freezing
 w - a +1 dagger of holy wrath
Missiles
 g - 7 boomerangs
 h - 2 silver boomerangs
 j - 4 throwing nets
 p - 21 poisoned darts
 t - 4 atropa-tipped darts
Armour
 c - a +0 robe (worn)
 u - a +0 pair of boots (worn)
 Q - a +0 helmet (worn)
Magical Staves
 N - a staff of earth
 O - a staff of conjuration
Jewellery
 m - an amulet of guardian spirit (around neck)
 q - a ring of poison resistance (left hand)
 r - a ring of magical power (right hand)
 L - a ring of see invisible
Wands
 K - a wand of flame (26)
 M - a wand of digging (1)
 P - a wand of iceblast (4)
Scrolls
 e - 2 scrolls of enchant weapon {unknown}
 f - 2 scrolls of torment {unknown}
 l - a scroll of vulnerability {unknown}
 o - a scroll of blinking {unknown}
 v - 5 scrolls of fear {unknown}
 x - a scroll of poison {unknown}
 y - 3 scrolls of teleportation {unknown}
 A - 2 scrolls of silence {unknown}
 G - a scroll of noise
 I - a scroll of identify
Potions
 d - 3 potions of magic
 k - a potion of mutation
 s - a potion of lignification {unknown}
 z - 2 potions of might
 B - a potion of curing
 C - 2 potions of brilliance {unknown}
 E - 7 potions of flight
 F - a potion of attraction {unknown}
 H - a potion of degeneration


   Skills:
 - Level 4.0 Fighting
 * Level 7.4 Ranged Weapons
 - Level 2.0 Dodging
 - Level 2.0 Stealth
 - Level 3.0 Spellcasting
 - Level 7.0 Ice Magic


You had 6 spell levels left.
You knew the following spells:

 Your Spells              Type           Power      Damage    Failure   Level
a - Freeze                Ice            100%       1d11      1%          1
o - Ozocubu's Armour      Ice            26%        N/A       3%          3
r - Frozen Ramparts       Ice            52%        1d7       3%          3

Your spell library contained the following spells:

 Spells                   Type           Power      Damage    Failure   Level
 Beastly Appendage        Tmut           4%         N/A       17%         1
 Wereblood                Tmut           2%         N/A       26%         2
 Hailstorm                Conj/Ice       14%        3d5       38%         4
 Dazzling Flash           Conj/Hex       4%         N/A       45%         3
 Spider Form              Tmut/Pois      2%         N/A       45%         3
 Agony                    Necr           2%         N/A       99%         5
 Silence                  Hex/Air        1%         N/A       99%         5


Dungeon Overview and Level Annotations

Branches:
Dungeon (7/15)             Temple (1/1) D:4           Sewer (visited)

Shops:
D:5 *

Annotations:
D:3 1 runed translucent door, exclusion: door, Crazy Yiuf


Innate Abilities, Weirdness & Mutations

You have an increased reservoir of magic. (+10% MP)
You shall have no god before yourself.
Your divine heritage dramatically boosts your attributes as you level up.


Message History

You drain the killer bee.
The killer bee is almost dead.
Your icy armour starts to melt.
The killer bee barely misses you. Something hits you but does no damage.
You miss the killer bee.
The killer bee is almost dead.
The killer bee barely misses you.
You closely miss the killer bee.
The killer bee is almost dead.
The killer bee closely misses you. Something hits you but does no damage.
The killer bee stings you but does no damage.
You barely miss the killer bee.
The killer bee is almost dead.
The killer bee barely misses you. Something hits you but does no damage.
You closely miss the killer bee.
The killer bee is almost dead.
The killer bee completely misses you.
The killer bee stings you but does no damage.
Something hits you.
* * * LOW HITPOINT WARNING * * *
You hit the killer bee but do no damage.
The killer bee is almost dead.
The killer bee barely misses you.
You hit the killer bee but do no damage.
The killer bee is almost dead.
The killer bee closely misses you.
You hear some strange, mumbled words.
A puff of flame appears from out of thin air!
The puff of flame hits you.
Your icy armour melts away.
* * * LOW HITPOINT WARNING * * *
The orc wizard casts a spell.
The orc wizard flickers and vanishes!
The killer bee completely misses you.
You barely miss the killer bee.
The killer bee is almost dead.
The killer bee misses you.
You hear some strange, mumbled words.
A magic dart appears from out of thin air!
The magic dart hits you!
You die...

,********,,,,,≈≈≈,,,,,,,,**,* #.*
,,,,,,,,,,,,,,≈≈≈,,,,,,,,**,* #,*
**,,,,,,,,,,,,,⌠,,,,,,,,,,,,* *,*
*,,,,,,,,,**,,,,,,*****,**** *,,
*,,,,,,,,,,*,,,,*,* *,,,********
*,,,,,,,,,,#,****,* *,***,,,*
*,,,,,,,...#.####,* *,,,,,*,****
*,,,,,,,......y.#,* *****,*,*,,,
******#*,,,,,,*#@#.# *,,,,*,,,,,
,,,,,,..,,,**,##{#.# *.#*,*,,,,,
,,,,,,...,,**,#o{#.# *.#########
,,,,,,....,**,#o##.####.........<
,,,,,,...y.####o##.#.........###.
,,,,,,..oo.y....##.#.........# #.
,,,,,,y.o.....####...........# #.
,,,,,,........'....#.........###.
,,,,,,........#.......#***.......


You could see a killer bee (very drained) and 3 orcs.

Vanquished Creatures
  Pikel (D:4)
  A sky beast (D:6)
  An ogre (D:5)
  A kobold brigand (D:7)
  A phantom (D:5)
  2 bullfrogs
  A necrophage (D:6)
  3 wights
  4 killer bees (D:7)
  A howler monkey (D:6)
  2 hounds
  An orc priest (D:3)
  A gnoll bouda (D:3)
  2 iguanas
  Natasha (thrice) (D:3)
  An orc wizard (D:7)
  8 gnolls
  11 adders
  6 river rats
  A white imp (D:6)
  2 ufetubi
  2 worms (D:2)
  3 dart slugs
  22 orcs
  8 ball pythons
  12 endoplasms
  5 giant cockroaches
  13 hobgoblins
  A jackal (Sewer)
  8 quokkas
  15 bats
  7 frilled lizards
  10 goblins
  14 kobolds
  9 rats
183 creatures vanquished.

Vanquished Creatures (others)
  A fungus (D:3)
1 creature vanquished.

Grand Total: 184 creatures vanquished

Notes
Turn   | Place    | Note
-------+----------+-------------------------------------------
     0 | D:1      | avis the Demigod Ice Elementalist began the quest for the
                  | Orb.
     0 | D:1      | Reached XP level 1. HP: 14/14 MP: 5/5
    69 | D:1      | Reached skill level 1 in Fighting
   385 | D:1      | Reached skill level 1 in Ranged Weapons
   385 | D:1      | Reached XP level 2. HP: 23/23 MP: 7/7
  1141 | D:2      | Reached XP level 3. HP: 29/29 MP: 8/8
  1403 | D:2      | Learned a level 3 spell: Ozocubu's Armour
  2490 | D:3      | Noticed Natasha
  2501 | D:3      | Killed Natasha
  2502 | D:3      | Reached XP level 4. HP: 27/37 MP: 7/9
  2822 | D:3      | Noticed Natasha
  2828 | D:3      | Killed Natasha
  2829 | D:3      | Reached XP level 5. HP: 45/45 MP: 10/10
  2845 | D:3      | Noticed Natasha
  2851 | D:3      | Killed Natasha
  3151 | D:3      | Found a runed translucent door.
  3152 | D:3      | Noticed Crazy Yiuf
  3564 | D:4      | Reached skill level 5 in Ice Magic
  3613 | D:4      | Noticed Pikel
  4072 | D:3      | Learned a level 3 spell: Frozen Ramparts
  4082 | D:3      | Reached XP level 6. HP: 44/51 MP: 11/11
  4345 | D:4      | Found a staircase to the Ecumenical Temple.
  4354 | Temple   | Entered the Ecumenical Temple
  4686 | D:4      | Killed Pikel
  4687 | D:4      | Reached XP level 7. HP: 33/59 MP: 9/14
  4928 | D:5      | Entered Level 5 of the Dungeon
  5371 | D:5      | Found Ubuypen's Lightly-Used Armoury.
  5839 | D:5      | Reached skill level 5 in Ranged Weapons
  6056 | D:6      | Reached XP level 8. HP: 66/66 MP: 15/15
  6327 | D:6      | Found a glowing drain.
  6342 | Sewer    | Entered a sewer
  8643 | D:7      | HP: 3/66 [something/puff of flame (2)]
  8644 | D:7      | Killed from afar by an orc wizard

Illustrated notes

Levels and vault maps discovered:
D:1:      dpeg_arrival_rooms_a, layout_basic
D:2:      layout_rooms, corner_web_ring, guppyfry_early_orc_mine
D:3:      layout_basic, hellmonk_ecumenical_altar_crossroads, uniq_natasha,
          uniq_crazy_yiuf_cottage
D:4:      layout_cave_pools, minitemple, tso_oasis_becter,
          minmay_temple_entry_waves, hangedman_decor_riveting,
          grunt_ministairs_1, kennysheep_generic_room_5, uniq_pikel
D:5:      layout_cave_pods, serial_park, serial_park_gazebo
          [serial_park_minivault_5x5_6], serial_park_square1
          [serial_park_minivault_5x5_8], serial_park_avenue1,
          serial_park_square2, minmay_shop_damaged, nicolae_underground_beach
D:6:      layout_loops_ring, portal_sewer_entry_e
D:7:      layout_basic, nicolae_ossuary_entry_catacombs, serial_park_tiny_pond
Temple:   jpeg_temple_clearing

Skill      XL: |  1  2  3  4  5  6  7  8 |
---------------+-------------------------+-----
Fighting       | 1 2 3 4 |  4.0
Ranged Weapons | 1 2 4 5 7 |  7.4
Spellcasting   | 2 3 |  3.0
Ice Magic      | 4 5 6 7 |  7.0
Dodging        | 2 |  2.0
Stealth        | 2 |  2.0

Action                   |  1- 3 |  4- 6 |  7- 9 || total
-------------------------+-------+-------+-------++-------
Melee: Dagger            |       |    11 |    37 ||    48
       Short sword       |       |       |    23 ||    23
       Punch             |       |       |     1 ||     1
 Fire: Sling             |   110 |    68 |   177 ||   355
 Cast: Freeze            |    48 |    72 |    77 ||   197
       Ozocubu's Armour  |     1 |    15 |    15 ||    31
  Use: Potion            |     1 |       |     4 ||     5
       Scroll            |       |     5 |     2 ||     7
Armor: Robe              |    12 |    44 |    80 ||   136
Dodge: Dodged            |    40 |    82 |   183 ||   305

Table legend: (Time is in decaauts)
 A = Elapsed time spent in this place.
 B = Non-inter-level travel time spent in this place.
 C = Inter-level travel time spent in this place.
 D = Time resting spent in this place.
 E = Time spent auto-exploring this place.
 F = Levels seen in this place.
 G = Mean time per level.
                   A        B        C        D        E       F      G
               +--------+--------+--------+--------+--------+-----+--------+
         Total |   8961 |   8085 |    876 |   2454 |   3427 |   9 |  995.7 |
       Dungeon |   7776 |   6900 |    876 |   2161 |   3041 |   7 | 1110.9 |
        Temple |     14 |     14 |      0 |      0 |      0 |   1 |   14.0 |
         Sewer |   1170 |   1170 |      0 |    293 |    386 |   1 | 1170.0 |
               +--------+--------+--------+--------+--------+-----+--------+

Top non-repeatable levels by time:
     D:3: 1611 daAuts
     D:2: 1239 daAuts
     D:5: 1187 daAuts
   Sewer: 1170 daAuts
     D:6: 1140 daAuts
     D:4: 1126 daAuts
     D:1: 1117 daAuts
     D:7: 353 daAuts
  Temple: 14 daAuts
